AoeStats
← 胤矢苍穹

Arabia

509838538Analyzed
2v2 RM · 4d ago on Sep 28, 2026· 51m 42s· 4 players
Game mode
Random Map
Map size
Medium (4 player)
Population
200
Speed
Normal
Resources
Standard
Victory
Conquest
Starting age
Dark Age
Ending age
Imperial Age
RankedLock teamsTeams togetherTeam positionsShared explorationLock speedFull tech treeHidden civsTurbo modeCheats
Victory
Defeat
🇭🇰 Armenians · Hong Kong SAR China
643
+10
🇭🇰 Celts · Hong Kong SAR China
642
+10
🇮🇹 Teutons · Italy
540
-11
🇦🇺 Malians · Australia
486
-11
Zeeky
0:47 Loom
11:12 Feudal Age
12:58 Town Watch
15:48 Horse Collar
16:57 Wheelbarrow
19:47 Double-Bit Axe
21:44 Gold Mining
23:09 Bloodlines
25:56 Castle Age
26:20 Man-at-Arms
30:51 Stone Mining
31:24 Long Swordsman
bs-32
9:29 Loom
12:15 Feudal Age
12:59 Horse Collar
16:18 Gold Mining
18:17 Double-Bit Axe
19:33 Forging
19:26 Scale Mail Armor
22:35 Castle Age
20:12 Man-at-Arms
22:35 Scale Barding Armor
23:48 Chain Mail Armor
24:28 Bow Saw
24:23 Heavy Plow
25:52 Long Swordsman
29:54 Chain Barding Armor
30:11 Iron Casting
33:22 Padded Archer Armor
33:13 Fletching
34:25 Stone Mining
38:29 Leather Archer Armor
39:21 Ironclad
39:37 Bodkin Arrow
43:51 Imperial Age
45:03 Ballistics
45:47 Chemistry
45:27 Ring Archer Armor
45:29 Plate Mail Armor
45:36 Plate Barding Armor
45:32 Cavalier
46:37 Elite Teutonic Knight
48:41 Two-Handed Swordsman
胤矢苍穹
0:35 Loom
11:17 Feudal Age
13:08 Man-at-Arms
13:38 Double-Bit Axe
15:56 Wheelbarrow
23:23 Castle Age
21:22 Long Swordsman
21:49 Arson
22:13 Scale Mail Armor
22:24 Forging
21:59 Horse Collar
22:11 Gold Mining
22:45 Stone Mining
22:47 Pikeman
25:10 Heavy Plow
25:04 Gambesons
26:17 Gold Shaft Mining
26:33 Squires
27:16 Fervor
27:25 Bow Saw
28:38 Sanctity
30:13 Two-Handed Swordsman
31:31 Iron Casting
31:12 Chain Mail Armor
34:43 Imperial Age
32:49 Fletching
33:02 Padded Archer Armor
35:09 Bodkin Arrow
35:30 Leather Archer Armor
35:52 Conscription
34:55 Elite Composite Bowman
37:03 Bracer
37:35 Ring Archer Armor
37:19 Champion
40:01 Blast Furnace
39:33 Ballistics
39:19 Caravan
40:45 Chemistry
42:29 Plate Mail Armor
42:27 Treadmill Crane
44:59 Fereters
星星泡面
2:25 Loom
7:21 Loom
10:20 Feudal Age
11:37 Wheelbarrow
11:01 Double-Bit Axe
12:28 Horse Collar
20:35 Castle Age
19:18 Stone Mining
22:56 Pikeman
25:55 Arson
26:00 Arson
29:35 Man-at-Arms
32:24 Hand Cart
32:24 Bow Saw
37:10 Stronghold
37:32 Heavy Plow
38:26 Forging
38:17 Scale Mail Armor
38:17 Fletching
42:45 Imperial Age
41:49 Gold Mining
42:11 Town Watch
44:12 Furor Celtica
44:23 Conscription
45:02 Gold Shaft Mining
44:59 Bodkin Arrow
45:39 Iron Casting
45:20 Chain Mail Armor
48:16 Blast Furnace
47:24 Caravan
48:12 Elite Woad Raider
48:29 Elite Woad Raider
48:32 Capped Ram
Connection lost

Rejoining the realm…

Still unreachable

The connection could not be restored.

Session expired

The server has moved on; the page needs a fresh start.